 Dungeon Crawl Stone Soup version 0.20.1-1-g8b1a95d (webtiles) character file.

35 OctopodeAndTenguOnly the Gusty (level 3, 0/19 HPs)
             Began as a Tengu Air Elementalist on Dec 8, 2017.
             Slain by a human (5 damage)
             ... on level 2 of the Dungeon.
             The game lasted 00:04:29 (1287 turns).

OctopodeAndTenguOnly the Gusty (TeAE)               Turns: 1287, Time: 00:04:29

Health: 0/19       AC:  2    Str:  8    XL:     3   Next: 33%
Magic:  7/7        EV: 13    Int: 16    God:
Gold:   50         SH:  0    Dex: 14    Spells: 5/6 levels left

rFire    + . .     SeeInvis .   (no weapon)
rCold    + . .     Gourm    .   (no shield)
rNeg     . . .     Faith    .   a - +0 robe
rPois    .         Spirit   .   (helmet restricted)
rElec    .         Reflect  .   l - scarf {rC+ rF+}
rCorr    .         Harm     .   (no gloves)
MR       .....                  (boots unavailable)
Stlth    ++........             g - amulet of regeneration
Regen    0.5/turn               (no ring)
MPRegen  0.1/turn               (no ring)

@: no status effects
A: beak, talons 3
a: no special abilities


You were on level 2 of the Dungeon.
You were not hungry.

You visited 1 branch of the dungeon, and saw 2 of its levels.

You collected 50 gold pieces.

Inventory:

Armour
 a - a +0 robe (worn)
 l - a scarf of resistance (worn)
Jewellery
 g - an amulet of regeneration (around neck)
Scrolls
 e - a scroll of remove curse
 i - a scroll of enchant armour {unknown}
Potions
 d - a potion of mutation {unknown}
 f - a potion of might {unknown}
 h - a potion of lignification {unknown}
Books
 b - a book of Air

   Spells                             Type                      Level
   a - Shock                          Conjuration/Air              1
   b - Swiftness                      Charms/Air                   2
   c - Static Discharge               Conjuration/Air              3
   d - Airstrike                      Air                          4
   e - Lightning Bolt                 Conjuration/Air              5
Comestibles
 c - a bread ration
 j - 3 fruits


   Skills:
 + Level 2.3 Dodging
 + Level 2.0 Stealth
 + Level 0.2 Unarmed Combat
 + Level 2.2 Spellcasting
 + Level 1.7 Conjurations
 + Level 5.1 Air Magic


You had 5 spell levels left.
You knew the following spells:

 Your Spells              Type           Power        Failure   Level  Hunger
a - Shock                 Conj/Air       ##..         4%          1    #......


Dungeon Overview and Level Annotations

Branches:
Dungeon (2/15)

Altars:
Yredelemnul


Innate Abilities, Weirdness & Mutations

You have a beak for a mouth.
You have claws for feet.


Message History

You catch the helpless human completely off-guard!
You hit the human but do no damage. You peck the human.
The human is lightly wounded.
You miss the human.
The human is lightly wounded.
The human hits you!
Ouch! That really hurt!
You hit the human. Your kick misses the human.
The human is lightly wounded.
The human completely misses you.
You barely miss the human. Your kick misses the human.
You peck the human, but do no damage.
The human is lightly wounded.
The human hits you.
* * * LOW HITPOINT WARNING * * *
You hit the human but do no damage.
The human is lightly wounded.
The human closely misses you. The human hits you.
You die...

# ##.## #. #. #. ##...##
#.###< #.###.######.....#
#.....
..........##...########.
#.............)........
###...###....#.##########
......#.#....#.#
#....#p#....#.#
#......@....#.#
##..#####..##.# #
#...#####$# #._.# #.#
#...# #####


You could see a human.

Vanquished Creatures
  An ooze (D:1)
  3 giant cockroaches (D:1)
  4 goblins (D:1)
  4 hobgoblins
  4 bats (D:1)
  3 frilled lizards (D:1)
  6 kobolds (D:1)
  A kobold skeleton (D:2)
  4 rats (D:1)
30 creatures vanquished.

Notes
Turn   | Place    | Note
-------+----------+-------------------------------------------
     0 | D:1      | OctopodeAndTenguOnly the Tengu Air Elementalist began the quest for the Orb.
     0 | D:1      | Reached XP level 1. HP: 10/10 MP: 4/4
   361 | D:1      | Reached XP level 2. HP: 15/15 MP: 4/6
   644 | D:1      | Reached skill level 5 in Air Magic
   755 | D:1      | Reached XP level 3. HP: 19/19 MP: 3/7
  1250 | D:2      | Found a runed door.
  1250 | D:2      | Noticed a human
  1251 | D:2      | Found a basalt altar of Yredelemnul.
  1287 | D:2      | Slain by a human

Skill      XL: |  1  2 |
---------------+-------+-----
Air Magic      | 5 |  5.1
Dodging        | |  2.3
Stealth        | |  2.0
Unarmed Combat | |  0.2
Spellcasting   | |  2.2
Conjurations   | |  1.7

Action                   || total
-------------------------++-------
Melee: Unarmed           ||    21
       Peck              ||     8
       Kick              ||     5
 Cast: Shock             ||    59
  Use: Scroll            ||     1
 Stab: Distracted        ||     1
  Eat: Chunk             ||     2
Armor: Robe              ||    12
Dodge: Dodged            ||    25
